| TOP OF THE 1ST |
|
Midland RockHounds batting - Pitching for Corpus Christi Hooks : RHP David Toellner
|
|
Pitching: RHP David Toellner
|
|
|
Batting: RHB Niek de Haan
|
0-0: Called Strike 0-1: Swinging Strike 0-2: Ball 1-2: Foul Ball, location: 2F 1-2: Ball 2-2: Foul Ball, location: 2F 2-2: Ball 3-2: Base on Balls
|
|
Batting: RHB Larry Clark
|
0-0: Ball Niek de Haan steals 2nd base (no throw) 1-0: Called Strike 1-1: Ground out U3 (Groundball, 34, EV 80.0 MPH) Niek de Haan to third
|
|
Batting: RHB Todd Vanasco
|
0-0: Swinging Strike 0-1: Foul Ball, location: 2F 0-2: Ball 1-2: Ball 2-2: Strikes out looking
|
|
Batting: LHB Nick Pacheco
|
0-0: Ball 1-0: Foul Ball, location: 2F 1-1: Swinging Strike 1-2: Foul Ball, location: 2F 1-2: Ground out 6-3 (Groundball, 6, EV 106.9 MPH)
|
| Top of the 1st over - 0 runs, 0 hits, 0 errors, 1 left on base; Midland 0 - Corpus Christi 0 |
| BOTTOM OF THE 1ST |
|
Corpus Christi Hooks batting - Pitching for Midland RockHounds : LHP Kevin Barteaux
|
|
Pitching: LHP Kevin Barteaux
|
|
|
Batting: RHB Ben Hoffman
|
0-0: Ball 1-0: Foul Ball, location: 2F 1-1: Foul Ball, location: 2F 1-2: Ball 2-2: Ground out 6-3 (Groundball, 6S, EV 70.6 MPH)
|
|
Batting: RHB Masaru Konno
|
0-0: Ball 1-0: DOUBLE (Line Drive, 78M, EV 106.2 MPH)
|
|
Batting: LHB Bob Dietz
|
0-0: Called Strike 0-1: SINGLE (Groundball, 6MD, EV 103.8 MPH) Masaru Konno to third Runner from 3rd tries for Home, throw by CF and OUT! 8-2
|
|
Batting: RHB Ramon Castellon
|
0-0: Called Strike 0-1: Swinging Strike Bob Dietz steals 2nd base (no throw) 0-2: Strikes out swinging
|
| Bottom of the 1st over - 0 runs, 2 hits, 0 errors, 1 left on base; Midland 0 - Corpus Christi 0 |
| TOP OF THE 2ND |
|
Midland RockHounds batting - Pitching for Corpus Christi Hooks : RHP David Toellner
|
|
Batting: RHB Travis Robinson
|
0-0: Ball 1-0: Foul Ball, location: 2F 1-1: Foul Ball, location: 2F 1-2: SINGLE (Groundball, 6MD, EV 99.4 MPH)
|
|
Batting: RHB Matt Sherard
|
0-0: Foul Ball, location: 2F 0-1: Swinging Strike 0-2: Foul Ball, location: 2F 0-2: Foul Ball, location: 2F 0-2: Ball 1-2: Ball 2-2: Foul Ball, location: 2F 2-2: Strikes out looking
|
|
Batting: RHB Tony Crespo
|
0-0: Foul Ball, location: 2F 0-1: Swinging Strike 0-2: Fly out, F7 (Line Drive, 7D, EV 87.5 MPH)
|
|
Batting: RHB Micah Roth
|
0-0: Ball 1-0: Called Strike 1-1: Fly out, F9 (Flyball, 9D, EV 89.4 MPH)
|
| Top of the 2nd over - 0 runs, 1 hit, 0 errors, 1 left on base; Midland 0 - Corpus Christi 0 |
| BOTTOM OF THE 2ND |
|
Corpus Christi Hooks batting - Pitching for Midland RockHounds : LHP Kevin Barteaux
|
|
Batting: LHB Josh Corkery
|
0-0: Called Strike 0-1: Foul Ball, location: 2F 0-2: Strikes out swinging
|
|
Batting: RHB Workneh Lagat
|
0-0: Ball 1-0: Ball 2-0: Fly out, F9 (Flyball, 9, EV 91.9 MPH)
|
|
Batting: LHB Josh Birkner
|
0-0: Called Strike 0-1: Ball 1-1: Called Strike 1-2: Ball 2-2: Foul Ball, location: 2F 2-2: Foul Ball, location: 2F 2-2: SINGLE (Groundball, 34D, EV 104.4 MPH)
|
|
Batting: RHB Ben Minge
|
0-0: Called Strike 0-1: Called Strike 0-2: Strikes out swinging
|
| Bottom of the 2nd over - 0 runs, 1 hit, 0 errors, 1 left on base; Midland 0 - Corpus Christi 0 |
| TOP OF THE 3RD |
|
Midland RockHounds batting - Pitching for Corpus Christi Hooks : RHP David Toellner
|
|
Batting: RHB Manny Moron
|
0-0: Foul Ball, location: 2F 0-1: Ground out 3-1 (Groundball, 34, EV 86.2 MPH)
|
|
Batting: RHB Niek de Haan
|
0-0: Ball 1-0: Foul Ball, location: 2F 1-1: Called Strike 1-2: Ground out 5-3 (Groundball, 56S, EV 83.8 MPH)
|
|
Batting: RHB Larry Clark
|
0-0: Ball 1-0: Fly out, F9 (Flyball, 9, EV 84.4 MPH)
|
| Top of the 3rd over - 0 runs, 0 hits, 0 errors, 0 left on base; Midland 0 - Corpus Christi 0 |
| BOTTOM OF THE 3RD |
|
Corpus Christi Hooks batting - Pitching for Midland RockHounds : LHP Kevin Barteaux
|
|
Batting: LHB John Wagner
|
0-0: Called Strike 0-1: Called Strike 0-2: Foul Ball, location: 2F 0-2: Ball 1-2: Ball 2-2: Strikes out swinging
|
|
Batting: RHB Ben Hoffman
|
0-0: Ball 1-0: Ball 2-0: Ball 3-0: Called Strike 3-1: Swinging Strike 3-2: Ground out 4-3 (Groundball, 4, EV 100.6 MPH)
|
|
Batting: RHB Masaru Konno
|
0-0: Ball 1-0: Fly out, F8 (Flyball, 8LD, EV 95.6 MPH)
|
| Bottom of the 3rd over - 0 runs, 0 hits, 0 errors, 0 left on base; Midland 0 - Corpus Christi 0 |
| TOP OF THE 4TH |
|
Midland RockHounds batting - Pitching for Corpus Christi Hooks : RHP David Toellner
|
|
Batting: RHB Todd Vanasco
|
0-0: Called Strike 0-1: Foul Ball, location: 2F 0-2: Ground out 1-3 (Groundball, 15S, EV 73.8 MPH)
|
|
Batting: LHB Nick Pacheco
|
0-0: Ball 1-0: Called Strike 1-1: Foul Ball, location: 2F 1-2: Strikes out looking
|
|
Batting: RHB Travis Robinson
|
0-0: Swinging Strike 0-1: Ball 1-1: Ground out 5-3 (Groundball, 5, EV 103.8 MPH)
|
| Top of the 4th over - 0 runs, 0 hits, 0 errors, 0 left on base; Midland 0 - Corpus Christi 0 |
| BOTTOM OF THE 4TH |
|
Corpus Christi Hooks batting - Pitching for Midland RockHounds : LHP Kevin Barteaux
|
|
Batting: LHB Bob Dietz
|
0-0: Called Strike 0-1: Foul Ball, location: 2F 0-2: Foul Ball, location: 2F 0-2: Ball 1-2: Ball 2-2: Foul Ball, location: 2F 2-2: Foul Ball, location: 2F 2-2: Foul Ball, location: 2F 2-2: Ball 3-2: Foul Ball, location: 2F 3-2: Base on Balls
|
|
Batting: RHB Ramon Castellon
|
0-0: Called Strike 0-1: Called Strike 0-2: Strikes out swinging
|
|
Batting: LHB Josh Corkery
|
0-0: Swinging Strike 0-1: Swinging Strike 0-2: Foul Ball, location: 2F 0-2: Ball 1-2: Strikes out swinging
|
|
Batting: RHB Workneh Lagat
|
0-0: Swinging Strike 0-1: Foul Ball, location: 2F 0-2: Foul Ball, location: 2F 0-2: Ball 1-2: SINGLE (Groundball, 4D, EV 97.5 MPH) Bob Dietz to second Runner from 2nd tries for 3rd, SAFE, throw by CF made to third
|
|
Batting: LHB Josh Birkner
|
0-0: Ball 1-0: Foul Ball, location: 2F 1-1: Swinging Strike 1-2: Fly out, F8 (Flyball, 8LXD, EV 91.9 MPH)
|
| Bottom of the 4th over - 0 runs, 1 hit, 0 errors, 2 left on base; Midland 0 - Corpus Christi 0 |
| TOP OF THE 5TH |
|
Midland RockHounds batting - Pitching for Corpus Christi Hooks : RHP David Toellner
|
|
Batting: RHB Matt Sherard
|
0-0: Called Strike 0-1: Called Strike 0-2: Ball 1-2: Ground out 4-3 (Groundball, 4, EV 88.8 MPH)
|
|
Batting: RHB Tony Crespo
|
0-0: Foul Ball, location: 2F 0-1: Foul Ball, location: 2F 0-2: Ball 1-2: Strikes out swinging
|
|
Batting: RHB Micah Roth
|
0-0: Ball 1-0: Ball 2-0: Called Strike 2-1: Called Strike 2-2: Ball 3-2: Fly out, F8 (Flyball, 8LD, EV 100.0 MPH)
|
| Top of the 5th over - 0 runs, 0 hits, 0 errors, 0 left on base; Midland 0 - Corpus Christi 0 |
| BOTTOM OF THE 5TH |
|
Corpus Christi Hooks batting - Pitching for Midland RockHounds : LHP Kevin Barteaux
|
|
Batting: RHB Ben Minge
|
0-0: Called Strike 0-1: Called Strike 0-2: Ball 1-2: Strikes out swinging
|
|
Batting: LHB John Wagner
|
0-0: Ground out 4-3 (Groundball, 4, EV 81.9 MPH)
|
|
Batting: RHB Ben Hoffman
|
0-0: Ball 1-0: Called Strike 1-1: Ball 2-1: Ball 3-1: Foul Ball, location: 2F 3-2: SINGLE (Groundball, 56D, EV 99.4 MPH)
|
|
Batting: RHB Masaru Konno
|
0-0: Fielders Choice at 2nd, 6-4 (Groundball, 6, EV 93.8 MPH)
|
| Bottom of the 5th over - 0 runs, 1 hit, 0 errors, 1 left on base; Midland 0 - Corpus Christi 0 |
| TOP OF THE 6TH |
|
Midland RockHounds batting - Pitching for Corpus Christi Hooks : RHP David Toellner
|
|
Batting: RHB Manny Moron
|
0-0: Swinging Strike 0-1: Ball 1-1: Foul Ball, location: 2F 1-2: Ground out 4-3 (Groundball, 4MD, EV 83.1 MPH)
|
|
Batting: RHB Niek de Haan
|
0-0: Called Strike 0-1: Ball 1-1: Foul Ball, location: 2F 1-2: Ball 2-2: Ball 3-2: Base on Balls
|
|
Batting: RHB Larry Clark
|
0-0: Ball 1-0: Ball Wild Pitch! Niek de Haan to second 2-0: Called Strike 2-1: Ball 3-1: Base on Balls
|
|
Batting: RHB Todd Vanasco
|
0-0: Called Strike 0-1: Grounds into double play, 4-6-3 (Groundball, 34D, EV 77.5 MPH)
|
| Top of the 6th over - 0 runs, 0 hits, 0 errors, 1 left on base; Midland 0 - Corpus Christi 0 |
| BOTTOM OF THE 6TH |
|
Corpus Christi Hooks batting - Pitching for Midland RockHounds : LHP Kevin Barteaux
|
|
Batting: LHB Bob Dietz
|
0-0: Ball 1-0: Called Strike 1-1: Swinging Strike 1-2: Foul Ball, location: 2F 1-2: Ball 2-2: Foul Ball, location: 2F 2-2: Foul Ball, location: 2F 2-2: Ball 3-2: SINGLE (Flyball, 3D, EV 90.6 MPH)
|
|
Batting: RHB Ramon Castellon
|
0-0: Ball 1-0: Called Strike 1-1: SINGLE (Line Drive, 89S, EV 96.2 MPH) Bob Dietz to second
|
|
Batting: LHB Josh Corkery
|
0-0: Called Strike 0-1: Ball 1-1: Swinging Strike 1-2: Ball 2-2: Strikes out swinging
|
|
Batting: RHB Workneh Lagat
|
0-0: Called Strike 0-1: Called Strike 0-2: Ball 1-2: Ball 2-2: Foul Ball, location: 2F 2-2: Fielders Choice at 2nd, 4-6 (Groundball, 4, EV 86.2 MPH) Bob Dietz to third
|
|
Batting: LHB Josh Birkner
|
0-0: Fly out, F7 (Line Drive, 7LS, EV 109.4 MPH)
|
| Bottom of the 6th over - 0 runs, 2 hits, 0 errors, 2 left on base; Midland 0 - Corpus Christi 0 |
| TOP OF THE 7TH |
|
Midland RockHounds batting - Pitching for Corpus Christi Hooks : RHP David Toellner
|
|
Batting: LHB Nick Pacheco
|
0-0: Called Strike 0-1: Fly out, F8 (Flyball, 8LXD, EV 100.6 MPH)
|
|
Batting: RHB Travis Robinson
|
0-0: Ball 1-0: Foul Ball, location: 2F 1-1: Called Strike 1-2: SINGLE (Groundball, 56D, EV 98.1 MPH)
|
|
Batting: RHB Matt Sherard
|
0-0: Called Strike 0-1: SINGLE (Groundball, 34D, EV 110.0 MPH) Travis Robinson to second Runner from 2nd tries for 3rd, SAFE, throw by RF made at trailing runner, OUT! 9-6
|
|
Batting: RHB Tony Crespo
|
0-0: Called Strike 0-1: Ball 1-1: Fly out, F9 (Flyball, 89M, EV 91.9 MPH)
|
| Top of the 7th over - 0 runs, 2 hits, 0 errors, 1 left on base; Midland 0 - Corpus Christi 0 |
| BOTTOM OF THE 7TH |
|
Corpus Christi Hooks batting - Pitching for Midland RockHounds : LHP Kevin Barteaux
|
|
Pitching: LHP John Salzmann
|
|
|
Batting: RHB Ben Minge
|
0-0: SINGLE (Groundball, 4MD, EV 93.8 MPH)
|
|
Pinch Hitting: RHB Sam Spohn
|
0-0: Ball 1-0: Ball 2-0: Bunt missed! 2-1: Bunt missed! 2-2: Strikes out swinging
|
|
Batting: RHB Ben Hoffman
|
0-0: Ground out 5-3 (Groundball, P, EV 84.4 MPH) Ben Minge to second
|
|
Batting: RHB Masaru Konno
|
0-0: Called Strike 0-1: Ball 1-1: Fly out, F6 (Popup, 6M, EV 62.5 MPH)
|
| Bottom of the 7th over - 0 runs, 1 hit, 0 errors, 1 left on base; Midland 0 - Corpus Christi 0 |
| TOP OF THE 8TH |
|
Midland RockHounds batting - Pitching for Corpus Christi Hooks : RHP David Toellner
|
|
Now in RF: Ben Sutton
|
|
|
Batting: RHB Micah Roth
|
0-0: Foul Ball, location: 2F 0-1: Ball 1-1: Foul Ball, location: 2F 1-2: Foul Ball, location: 2F 1-2: Ball 2-2: Fly out, F8 (Flyball, 8LS, EV 90.6 MPH)
|
|
Pinch Hitting: LHB Tom Raupp
|
0-0: Swinging Strike 0-1: Ball 1-1: Foul Ball, location: 2F 1-2: Strikes out looking
|
|
Batting: RHB Niek de Haan
|
0-0: Fly out, F9 (Flyball, 89S, EV 95.0 MPH)
|
| Top of the 8th over - 0 runs, 0 hits, 0 errors, 0 left on base; Midland 0 - Corpus Christi 0 |
| BOTTOM OF THE 8TH |
|
Corpus Christi Hooks batting - Pitching for Midland RockHounds : LHP John Salzmann
|
|
Now at 2B: Roger Simmons
|
|
|
Batting: LHB Bob Dietz
|
0-0: Ball 1-0: Ball 2-0: Called Strike 2-1: Ball 3-1: Fly out, F7 (Flyball, 7, EV 81.2 MPH)
|
|
Batting: RHB Ramon Castellon
|
0-0: Foul Ball, location: 2F 0-1: Swinging Strike 0-2: Ball 1-2: Foul Ball, location: 2F 1-2: DOUBLE (Flyball, 8LXD, EV 87.5 MPH)
|
|
Pinch Hitting: SHB Dan Castaneda
|
0-0: Called Strike 0-1: Ball 1-1: Called Strike Ramon Castellon is caught stealing 3rd base 2-5 1-2: Ground out 5-3 (Groundball, 5S, EV 85.6 MPH)
|
| Bottom of the 8th over - 0 runs, 1 hit, 0 errors, 0 left on base; Midland 0 - Corpus Christi 0 |
| TOP OF THE 9TH |
|
Midland RockHounds batting - Pitching for Corpus Christi Hooks : RHP David Toellner
|
|
Now at 3B: Dan Castaneda
|
|
|
Batting: RHB Larry Clark
|
0-0: Called Strike 0-1: Ball 1-1: Ball 2-1: Ball 3-1: Called Strike 3-2: Ground out 5-3 (Groundball, 56S, EV 84.4 MPH)
|
|
Pitching: RHP Elroy Meulenkamp
|
|
|
Batting: RHB Todd Vanasco
|
0-0: Called Strike 0-1: Ball 1-1: Ground out 5-3 (Groundball, 56, EV 98.1 MPH)
|
|
Batting: LHB Nick Pacheco
|
0-0: Fly out, F8 (Flyball, 8LS, EV 94.4 MPH)
|
| Top of the 9th over - 0 runs, 0 hits, 0 errors, 0 left on base; Midland 0 - Corpus Christi 0 |
| BOTTOM OF THE 9TH |
|
Corpus Christi Hooks batting - Pitching for Midland RockHounds : LHP John Salzmann
|
|
Batting: RHB Workneh Lagat
|
0-0: Fly out, F3 (Popup, 3L, EV 76.9 MPH)
|
|
Batting: LHB Josh Birkner
|
0-0: Fly out, F9 (Line Drive, 9LD, EV 93.1 MPH)
|
|
Batting: RHB Ben Minge
|
0-0: Ball 1-0: Swinging Strike 1-1: Called Strike 1-2: Ground out U3 (Groundball, 23, EV 78.1 MPH)
|
| Bottom of the 9th over - 0 runs, 0 hits, 0 errors, 0 left on base; Midland 0 - Corpus Christi 0 |
| TOP OF THE 10TH |
|
Midland RockHounds batting - Pitching for Corpus Christi Hooks : RHP Elroy Meulenkamp
|
|
Batting: RHB Travis Robinson
|
0-0: Ball 1-0: Ball 2-0: Called Strike 2-1: Called Strike 2-2: Ball 3-2: Fly out, F8 (Flyball, 8RM, EV 93.1 MPH)
|
|
Batting: RHB Matt Sherard
|
0-0: Ball 1-0: SINGLE (Line Drive, 89S, EV 95.0 MPH)
|
|
Batting: RHB Tony Crespo
|
0-0: Called Strike Matt Sherard is caught stealing 2nd base 2-4 0-1: Ball 1-1: Ball 2-1: Ball 3-1: Base on Balls
|
|
Batting: RHB Micah Roth
|
Pickoff Play to 1st, Runner tries for 2nd, OUT after rundown.
|
| Top of the 10th over - 0 runs, 1 hit, 0 errors, 0 left on base; Midland 0 - Corpus Christi 0 |
| BOTTOM OF THE 10TH |
|
Corpus Christi Hooks batting - Pitching for Midland RockHounds : LHP John Salzmann
|
|
Pitching: RHP John Shutt
|
|
|
Pinch Hitting: LHB Mitchell Casey
|
0-0: Foul Ball, location: 2F 0-1: Ball 1-1: Swinging Strike 1-2: Ball 2-2: Ground out 6-3 (Groundball, 4MD, EV 90.0 MPH)
|
|
Batting: RHB Ben Hoffman
|
0-0: Ball 1-0: SINGLE (Line Drive, 6M, EV 96.9 MPH)
|
|
Batting: RHB Masaru Konno
|
0-0: Called Strike Ben Hoffman is caught stealing 2nd base 2-4 0-1: Ball 1-1: Ball 2-1: Fly out, F8 (Flyball, 89D, EV 77.5 MPH)
|
| Bottom of the 10th over - 0 runs, 1 hit, 0 errors, 0 left on base; Midland 0 - Corpus Christi 0 |
| TOP OF THE 11TH |
|
Midland RockHounds batting - Pitching for Corpus Christi Hooks : RHP Elroy Meulenkamp
|
|
Now in RF: Mitchell Casey
|
|
|
Batting: RHB Micah Roth
|
0-0: Ball 1-0: Called Strike 1-1: Foul Ball, location: 2F 1-2: Foul Ball, location: 2F 1-2: Foul Ball, location: 2F 1-2: SINGLE (Groundball, 56S, EV 71.2 MPH) (infield hit)
|
|
Pitching: LHP Blaine Whitmore
|
|
|
Batting: RHB Roger Simmons
|
0-0: SINGLE (Groundball, 6MD, EV 98.1 MPH) Micah Roth to second
|
|
Batting: RHB Niek de Haan
|
0-0: Called Strike 0-1: Ball 1-1: Swinging Strike 1-2: Ball Wild Pitch! Micah Roth to third Roger Simmons to second 2-2: Ball 3-2: Strikes out swinging
|
|
Batting: RHB Larry Clark
|
0-0: SINGLE (Line Drive, 89M, EV 106.9 MPH) Micah Roth scores Roger Simmons to third
|
|
Batting: RHB Todd Vanasco
|
0-0: Ball 1-0: Foul Ball, location: 2F 1-1: Swinging Strike 1-2: Ball 2-2: Strikes out swinging
|
|
Batting: RHB Gojko Golob
|
0-0: Called Strike 0-1: Called Strike 0-2: Strikes out swinging
|
| Top of the 11th over - 1 run, 3 hits, 0 errors, 2 left on base; Midland 1 - Corpus Christi 0 |
| BOTTOM OF THE 11TH |
|
Corpus Christi Hooks batting - Pitching for Midland RockHounds : RHP John Shutt
|
|
Batting: LHB Bob Dietz
|
0-0: Foul Ball, location: 2F 0-1: Foul Ball, location: 2F 0-2: Ball 1-2: Strikes out looking
|
|
Batting: RHB Ramon Castellon
|
0-0: Ball 1-0: Ground out 6-3 (Groundball, 6S, EV 85.6 MPH)
|
|
Batting: SHB Dan Castaneda
|
0-0: Ball 1-0: SINGLE (Groundball, 34S, EV 66.2 MPH) (infield hit)
|
|
Batting: RHB Workneh Lagat
|
0-0: Called Strike 0-1: Ball Dan Castaneda steals 2nd base 1-1: Ground out 6-3 (Groundball, 56, EV 94.4 MPH)
|
| Bottom of the 11th over - 0 runs, 1 hit, 0 errors, 1 left on base; Midland 1 - Corpus Christi 0 |
|